 Dungeon Crawl Stone Soup version 0.25-a0-420-g1cc7eeb (webtiles) character file.

Game seed: 15496681747556516394, levelgen mode: deterministic

14831 snetch the Spear-Bearer (level 11, -2/151 HPs)
             Began as a Minotaur Berserker on Jan 20, 2020.
             Was an Elder of Trog.
             Slain by an orc warrior
             ... wielding a +0 glaive
              (14 damage)
             ... on level 11 of the Dungeon.
             The game lasted 00:53:19 (11256 turns).

snetch the Spear-Bearer (Minotaur Berserker)       Turns: 11256, Time: 00:53:20

Health: -2/151     AC:  6    Str: 30    XL:     11   Next: 93%
Magic:  19/19      EV: 14    Int:  8    God:    Trog [****..]
Gold:   892        SH:  0    Dex: 10    Spells: 10/10 levels left

rFire    + . .     SeeInvis .   a - +4 bardiche
rCold    . . .     Gourm    .   (shield currently unavailable)
rNeg     . . .     Faith    .   S - +0 leather armour of Waemyess {rElec rF+} (curse)
rPois    .         Spirit   .   (helmet restricted)
rElec    +         Reflect  .   n - +1 cloak
rCorr    .         Harm     .   (no gloves)
MR       .....                  (no boots)
Stlth    ..........             (no amulet)
HPRegen  0.35/turn              B - +4 ring of intelligence
MPRegen  0.16/turn              f - ring of magical power

@: berserking, very quick
A: retaliatory headbutt, horns 2
a: Berserk, Trog's Hand, Brothers in Arms, Renounce Religion


You were on level 11 of the Dungeon.
You worshipped Trog.
Trog was greatly pleased with you.
You were near starving.

You visited 2 branches of the dungeon, and saw 13 of its levels.
You also visited: Sewer.

You collected 892 gold pieces.

Inventory:

Hand Weapons
 a - a +4 bardiche (weapon)
 b - a +3 glaive of flaming
 c - a +4 glaive of venom
 u - a +0 war axe
 I - a +6 antimagic quick blade
Missiles
 i - 2 atropa-tipped darts
 s - 253 arrows
 v - 46 bolts
 x - 21 sling bullets
 C - 14 boomerangs
 D - 35 poisoned darts (quivered)
 P - 111 stones
Armour
 n - a +1 cloak (worn)
 K - a +2 chain mail of fire resistance
 S - the cursed +0 leather armour of Waemyess (worn) {rElec rF+}
   (You found it on level 11 of the Dungeon)

   It protects you from fire.
   It insulates you from electricity.
   It has a curse placed upon it.
Jewellery
 f - a ring of magical power (right hand)
 B - a +4 ring of intelligence (left hand)
 V - an uncursed ring of protection from cold {unknown}
Wands
 h - a wand of digging (11)
 q - a wand of iceblast (9)
 w - a wand of flame (15)
 F - a wand of random effects (13)
 H - a wand of acid (19)
 M - a wand of polymorph (10)
 Q - a wand of paralysis (9)
 T - a wand of disintegration (4)
 U - a wand of clouds (2)
Scrolls
 d - a scroll of fear
 j - 4 scrolls of enchant weapon {unknown}
 k - 3 scrolls of fog {unknown}
 p - 7 scrolls of teleportation
 y - a scroll of blinking
 E - 3 scrolls of immolation {unknown}
 L - 2 scrolls of amnesia {unknown}
Potions
 e - a potion of heal wounds
 g - 2 potions of brilliance
 l - 3 potions of agility
 m - 3 potions of mutation {unknown}
 o - 3 potions of lignification
 r - a potion of invisibility
 t - 4 potions of cancellation
 z - 3 potions of flight
 A - 7 potions of curing
 G - 2 potions of haste
 N - a potion of berserk rage {unknown}
 O - a potion of resistance
Miscellaneous
 R - a fan of gales
Comestibles
 J - 36 rations


   Skills:
 + Level 10.8 Fighting
 - Level 8.2(12.5) Axes
 + Level 14.7(15.4) Polearms
 + Level 10.7 Armour
 + Level 5.2 Dodging
 + Level 1.1 Stealth
 + Level 1.0 Evocations


You had 10 spell levels left.
You didn't know any spells.
Your spell library contained the following spells:

 Spells                   Type           Power        Failure   Level  Hunger
 Animate Skeleton         Necr           N/A          43%         1    ##.....
 Apportation              Tloc           #.....       43%         1    ##.....
 Corona                   Hex            #......      43%         1    ##.....
 Magic Dart               Conj           #...         43%         1    ##.....
 Summon Small Mammal      Summ           #...         43%         1    ##.....
 Searing Ray              Conj           #.....       56%         2    ###....
 Dazzling Flash           Conj/Hex       #.....       80%         3    ####...
 Fulminant Prism          Conj/Hex       #.........   99%         4    #####..
 Iskenderun's Mystic Bla  Conj/Tloc      #.......     99%         4    #####..


Dungeon Overview and Level Annotations

Branches:
Dungeon (12/15)            Temple (1/1) D:7            Lair (0/6) D:8
    Orc (0/2) D:11          Sewer (visited)

Altars:
Ashenzari
Cheibriados
Dithmenos
Elyvilon
Fedhas
Gozag
Hepliaklqana
Kikubaaqudgha
Makhleb
Nemelex Xobeh
Okawaru
Qazlal
Ru
Sif Muna
Trog
Uskayaw
Vehumet
Wu Jian
Xom
Yredelemnul
Zin
The Shining One
Beogh

Shops:
D:8 (   D:11 *

Annotations:
D:1 dig glass to stuff


Innate Abilities, Weirdness & Mutations

You reflexively headbutt those who attack you in melee.
You have a pair of horns on your head.


Message History

The orc wizard seems to speed up.
The orc priest mumbles some strange prayers to Beogh against you.
Beogh smites you!
* * * LOW HITPOINT WARNING * * *
You slice the orc wizard like a ripe choko!!!
You feel the power of Trog in you as your rage grows.
You kill the orc wizard!
Trog accepts your kill.
Trog appreciates your killing of a magic user.
The orc warrior misses you.
The orc priest calls down the wrath of Beogh upon you.
Beogh smites you!
* * * LOW HITPOINT WARNING * * *
Attack whom?
Press: ? - help, Dir - move target cursor, f - orc priest, p - orc warrior
Aim: an orc priest, wielding a +0 flail You slash the orc priest!
The orc priest is almost dead.
The orc warrior hits you from afar with a +0 glaive!
You die...

#...## #.........#
#.....'... ###..###
#...>.....###.#####...
##...##
#.........'...# #...
#####.#..#
#.........##### #...
.........# #....>....#
#... ......#..#
#.........# #...
.#...###.# ##8.....8##
#... .##.###..#
##8...8## #...
.#####...# ##8@8##
#### .# #....# ##o## #
.# ##...#


ooo ### .######..# oo.Z. #.. .........# ...o... #.# #.#....[## ..8...8.. #.#
#.#.##### ........... #.# ..#.# #...$._.....# #.# #.#.# #.# You could see an orc
warrior, 3 orc priests, an orc wizard, 2 orcs and a bullfrog zombie.

Vanquished Creatures
  Josephine (D:12)
  An unseen horror (D:10)
  The ghost of pokeman the Thaumaturge, a novice DEWz of Vehumet (D:7)
  An ugly thing (D:9)
  A centaur zombie (D:10)
  Maurice (D:8)
  A komodo dragon (D:10)
  A troll (D:6)
  A queen bee (D:9)
  4 hippogriffs
  Sigmund (D:2)
  5 wraiths
  11 yaks (D:10)
  3 hungry ghosts
  A water moccasin (D:9)
  Duvessa (D:6)
  An acid dragon (D:11)
  6 orc warriors
  A black bear (D:8)
  5 ice beasts
  A hornet zombie (D:12)
  2 necrophages
  3 sky beasts
  6 ogres
  A phantom (D:6)
  7 centaurs
  A big kobold (D:10)
  Blork the orc (D:6)
  4 bullfrogs
  Dowan (D:6)
  2 water moccasin zombies
  3 scorpions
  32 killer bees
  3 electric eels (D:10)
  2 bullfrog zombies
  A howler monkey (D:11)
  3 crimson imps
  A gnoll shaman (D:9)
  7 hounds
  4 jellies
  4 orc priests
  2 bullfrog skeletons (D:7)
  14 orc wizards
  Jessica (D:2)
  2 centaur skeletons
  2 iguanas
  8 worker ants
  Terence (D:2)
  2 merfolk sirens (Sewer)
  A merfolk avatar (Sewer)
  2 bullfrog simulacra (D:7)
  A hound skeleton (D:4)
  A howler monkey skeleton (D:7)
  10 gnolls
  3 river rats
  13 adders
  2 shadow imps
  7 adder skeletons
  A worm (D:3)
  A dart slug (D:2)
  9 leopard geckos
  52 orcs
  8 ball pythons
  8 bats
  10 giant cockroaches
  6 goblins
  4 hobgoblins
  16 jackals
  12 kobolds
  5 quokkas
  8 frilled lizards
  A jackal skeleton (D:6)
  A jackal zombie (D:7)
  4 quokka skeletons
  33 rats
  4 plants (D:10)
392 creatures vanquished.

Vanquished Creatures (collateral kills)
  4 killer bees (D:9)
4 creatures vanquished.

Vanquished Creatures (others)
  A gnoll (D:9)
1 creature vanquished.

Grand Total: 397 creatures vanquished

Notes
Turn   | Place    | Note
-------+----------+-------------------------------------------
     0 | D:1      | snetch the Minotaur Berserker began the quest for the Orb.
     0 | D:1      | Reached XP level 1. HP: 19/19 MP: 0/0
   175 | D:1      | Reached XP level 2. HP: 23/27 MP: 1/1
   827 | D:2      | Found a stormy altar of Qazlal.
   827 | D:2      | Noticed an earth elemental
   830 | D:2      | Noticed a water elemental
   830 | D:2      | Noticed a fire elemental
   830 | D:2      | Noticed an air elemental
   851 | D:2      | Noticed Sigmund
   861 | D:2      | Reached ** piety under Trog
   861 | D:2      | Reached XP level 3. HP: 7/33 MP: 2/2
   865 | D:2      | Killed Sigmund
   865 | D:2      | Reached skill level 5 in Fighting
   865 | D:2      | Reached skill level 5 in Axes
   865 | D:2      | Reached XP level 4. HP: 7/42 MP: 3/3
   865 | D:2      | Reached XP level 5. HP: 8/48 MP: 4/4
   898 | D:2      | Found a hide-covered altar of Uskayaw.
  1002 | D:2      | Noticed Jessica
  1016 | D:2      | Killed Jessica
  1280 | D:2      | Reached XP level 6. HP: 48/56 MP: 5/5
  1338 | D:2      | Noticed Terence
  1357 | D:2      | Killed Terence
  1685 | D:3      | Found a snail-covered altar of Cheibriados.
  1991 | D:4      | Reached *** piety under Trog
  2021 | D:4      | Found a glowing drain.
  2025 | Sewer    | Entered a sewer
  2206 | Sewer    | Reached XP level 7. HP: 61/61 MP: 6/6
  2539 | D:4      | Reached **** piety under Trog
  2778 | D:3      | Found a shattered altar of Ashenzari.
  3154 | D:4      | Found a shimmering blue altar of Sif Muna.
  3213 | D:4      | Reached skill level 1 in Polearms
  3397 | D:5      | Entered Level 5 of the Dungeon
  3407 | D:5      | Reached skill level 2 in Polearms
  3599 | D:4      | Reached skill level 3 in Polearms
  3599 | D:4      | Reached XP level 8. HP: 52/71 MP: 7/7
  3745 | D:5      | Reached skill level 4 in Polearms
  3811 | D:6      | Noticed a troll
  3817 | D:6      | Killed a troll
  3817 | D:6      | Reached skill level 5 in Polearms
  3817 | D:6      | Reached skill level 5 in Armour
  4031 | D:6      | Reached skill level 6 in Polearms
  4208 | D:6      | Reached XP level 9. HP: 42/78 MP: 8/8
  4360 | D:6      | Reached skill level 7 in Polearms
  4372 | D:6      | Noticed Duvessa
  4375 | D:6      | HP: 2/78 [ogre/+0 giant club (26)]
  4681 | D:6      | Killed Duvessa
  4685 | D:6      | Noticed Dowan
  4688 | D:6      | Killed Dowan
  4789 | D:6      | Noticed Blork the orc
  4794 | D:6      | Killed Blork the orc
  4806 | D:6      | Reached skill level 8 in Polearms
  4970 | D:6      | Found an ancient bone altar of Kikubaaqudgha.
  5171 | D:7      | Reached ***** piety under Trog
  5171 | D:7      | Received a gift from Trog
  5248 | D:7      | Reached skill level 9 in Polearms
  5472 | D:7      | Found a staircase to the Ecumenical Temple.
  5513 | Temple   | Entered the Ecumenical Temple
  6013 | D:7      | Reached skill level 10 in Polearms
  6038 | D:7      | Found a runed translucent gate.
  6038 | D:7      | Found a runed translucent gate.
  6038 | D:7      | Found a runed translucent gate.
  6040 | D:7      | Noticed pokeman's ghost (novice DEWz)
  6051 | D:7      | Killed pokeman's ghost
  6051 | D:7      | Reached skill level 1 in Stealth
  6051 | D:7      | Reached XP level 10. HP: 63/89 MP: 9/9
  6197 | D:8      | Noticed Maurice
  6205 | D:8      | Killed Maurice
  6317 | D:8      | Found a staircase to the Lair.
  6410 | D:8      | Reached skill level 11 in Polearms
  6564 | D:8      | Found a shadowy altar of Dithmenos.
  6841 | D:9      | Found an iron altar of Okawaru.
  6945 | D:8      | Found Luhe Pur's Antique Weapon Shoppe.
  6997 | D:9      | Received a gift from Trog
  7112 | D:8      | Found a blossoming altar of Fedhas.
  7112 | D:8      | Found a faded altar of an unknown god.
  7177 | D:8      | Found a sparkling altar of Nemelex Xobeh.
  7179 | D:8      | Found a sacrificial altar of Ru.
  7181 | D:8      | Found a faded altar of an unknown god.
  7266 | D:8      | Reached skill level 12 in Polearms
  7363 | D:10     | Entered Level 10 of the Dungeon
  7504 | D:9      | Noticed a brown ugly thing
  7538 | D:9      | Killed a brown ugly thing
  7689 | D:9      | Got a shimmering leather armour
  7857 | D:9      | Reached XP level 11. HP: 75/96 MP: 10/10
  8004 | D:9      | Reached skill level 13 in Polearms
  8316 | D:9      | Received a gift from Trog
  8456 | D:9      | Identified the +1 leather armour of Fehush {Str-4 Int+3}
                  | (You found it on level 9 of the Dungeon)
  9195 | D:10     | Killed an unseen horror
  9195 | D:10     | Reached skill level 10 in Fighting
  9273 | D:10     | Reached skill level 5 in Dodging
  9306 | D:10     | Reached skill level 10 in Armour
  9314 | D:10     | Reached skill level 1 in Evocations
  9479 | D:10     | Reached skill level 14 in Polearms
 10225 | D:11     | Found a staircase to the Orcish Mines.
 10240 | D:12     | Noticed Josephine
 10538 | D:12     | Killed Josephine
 10763 | D:11     | Got a faintly glowing leather armour
 11083 | D:11     | Identified the cursed +0 leather armour of Waemyess {rElec
                  | rF+} (You found it on level 11 of the Dungeon)
 11192 | D:11     | Found Ofriul's Assorted Antiques.
 11247 | D:11     | Found a roughly hewn altar of Beogh.
 11256 | D:11     | Slain by an orc warrior

Levels and vault maps discovered:
D:1:      dpeg_arrival_ratfight, layout_loops_ring, due_unseen_surprise
D:2:      layout_basic, eat_drink_and_be_merry_uskayaw,
          nicolae_qazlal_style_of_elements, first_ration, minmay_misc_feat_room,
          uniq_sigmund, uniq_terence, uniq_jessica
D:3:      layout_basic, cheibriados_altar_1, overflow_temple_1_default
D:4:      layout_loops_ring, led_sif_pool, gup_sewer_entry_bowl,
          nicolae_ossuary_entry_monument
D:5:      layout_rooms
D:6:      layout_rooms, kennysheep_mini_moat, uniq_blork_the_orc, uniq_duvessa
D:7:      minmay_chambers_of_fours, layout_basic, minmay_temple_entry_offerings,
          gammafunk_ghost_necromancy
D:8:      layout_basic, overflow_temple_1_default,
          chequers_temple_overflow_minitemple, lair_entry_dummy, serial_shops,
          shop, uniq_maurice
D:9:      layout_roguey [special_room_bee], okawaru_ov_weapons_minmay,
          serial_glass, glass_columns_a, glass_columns_a, feat_on_display,
          minmay_strange_pillars, grunt_pizzeria
D:10:     layout_roguey, serial_bayou, serial_bayou_lagoon_a,
          serial_bayou_pond_e, serial_bayou_lagoon_b, serial_bayou_lake_a
D:11:     layout_roguey, minmay_orc_entry_temple_large, serial_shops, shop,
          nicolae_straight_to_the_point, uniq_grum
D:12:     lemuel_upstairs_altar, layout_irregular_city, basic_altar,
          uniq_josephine, uniq_psyche, uniq_frances
Temple:   minmay_temple_curvy_loop

Skill      XL: |  1  2  3  4  5  6  7  8  9 10 11 |
---------------+----------------------------------+-----
Fighting       | 4 5 6 7 8 9 10 | 10.8
Armour         | 3 4 5 8 9 10 | 10.7
Axes           | 4 5 7 8 |  8.2
Dodging        | 3 4 5 |  5.2
Polearms       | 3 6 10 12 14 | 14.7
Stealth        | 1 |  1.1
Evocations     | 1 |  1.0

Action                   |  1- 3 |  4- 6 |  7- 9 | 10-12 || total
-------------------------+-------+-------+-------+-------++-------
Melee: Hand axe          |    55 |   130 |    48 |       ||   233
       Headbutt          |     4 |    27 |    58 |    63 ||   152
       Glaive            |       |       |   251 |   176 ||   427
       War axe           |       |       |    31 |       ||    31
       Staff             |       |       |    33 |       ||    33
       Bardiche          |       |       |       |   268 ||   268
Throw: Stone             |    22 |    27 |       |       ||    49
       Boomerang         |       |       |       |     9 ||     9
Invok: Berserk           |     1 |       |     1 |     6 ||     8
       Trog's Hand       |       |     1 |     3 |     5 ||     9
       Brothers in Arms  |       |       |       |     2 ||     2
Evoke: Wand              |       |       |       |     2 ||     2
  Use: Potion            |       |     1 |     1 |     3 ||     5
       Scroll            |       |       |    12 |     2 ||    14
  Eat: Chunk             |       |     5 |    18 |    25 ||    48
       Ration            |       |       |     1 |     1 ||     2
Armor: Animal skin       |    16 |       |       |       ||    16
       Robe              |       |     9 |       |       ||     9
       Chain mail        |       |    22 |    41 |   279 ||   342
       Plate armour      |       |    14 |   208 |       ||   222
       Ring mail         |       |       |    12 |       ||    12
       Scale mail        |       |       |     3 |       ||     3
       Leather armour    |       |       |       |     1 ||     1
Dodge: Dodged            |    51 |    63 |   178 |   272 ||   564

Table legend:
 A = Non-vault XP
 B = Vault XP
 C = Vault XP percentage of total XP
 D = Non-vault monster count
 E = Vault monster count
 F = Vault count percentage of total count
                 A         B        C        D         E       F
            +---------+---------+-------+---------+---------+-------
      Total |   14584 |    6604 |  31.2 |     292 |     100 |  25.5
            +---------+---------+-------+---------+---------+-------
        D:1 |      26 |       5 |  16.1 |      16 |       5 |  23.8
        D:2 |      91 |     300 |  76.7 |      26 |       3 |  10.3
        D:3 |     158 |       0 |   0.0 |      29 |       0 |   0.0
        D:4 |     527 |      20 |   3.7 |      24 |       3 |  11.1
        D:5 |     561 |       0 |   0.0 |      22 |       0 |   0.0
        D:6 |    1661 |     329 |  16.5 |      27 |       3 |  10.0
        D:7 |     879 |    1329 |  60.2 |      26 |      10 |  27.8
        D:8 |    2108 |     480 |  18.5 |      41 |       1 |   2.4
        D:9 |    1978 |    1828 |  48.0 |      34 |      27 |  44.3
       D:10 |    5390 |       0 |   0.0 |      29 |       0 |   0.0
       D:11 |     998 |     471 |  32.1 |      13 |       5 |  27.8
       D:12 |     207 |    1666 |  88.9 |       5 |       4 |  44.4
      Sewer |       0 |     176 | 100.0 |       0 |      39 | 100.0
            +---------+---------+-------+---------+---------+-------
